Map: 世界主宰-天梯版

Players

cyan

  • Race: Protoss Protoss
  • League: Master

TIME (Oliveira) - Winner!

  • Race: Terran Terran
  • League: Grandmaster

Event: DreamHack SC2 Masters 2021 Fall

VOD

Have the link to the VOD?

Description

Time

  • Played on: Aug. 7, 2021, 8:46 a.m.
  • Length: 8:01

All games in this series

Show
View Real Time Build Order
Export as new Build Order

cyan Protoss 

Build Orders: 1 Gate Expand, Blink Stalkers, Zealot Archon 

Get SALT Encoding   

  12  0:00  Probe  
  13  0:12  Probe  
  14  0:17  Pylon  
  14  0:24  Probe (Chrono Boost)  
  15  0:36  Probe (Chrono Boost)  
  15  0:38  Gateway  
  16  0:44  Probe (Chrono Boost)  
  16  0:46  Assimilator  
  17  0:51  Probe  
  18  1:03  Probe  
  19  1:15  Probe  
  20  1:26  Cybernetics Core  
  20  1:33  Nexus  
  20  1:36  Probe  
  21  1:42  Pylon  
  21  1:48  Probe  
  21  1:51  Assimilator  
  22  1:59  Adept (Chrono Boost)  
  22  2:00  Probe  
  23  2:03  Warp Gate  
  25  2:12  Probe (Chrono Boost)  
  27  2:23  Probe (Chrono Boost)  
  27  2:26  Twilight Council  
  27  2:28  Probe (Chrono Boost)  
  28  2:36  Stalker  
  30  2:38  Probe  
  31  2:46  Gateway, Probe  
  31  2:50  Probe  
  33  2:54  Blink (Chrono Boost)  
  33  2:58  Probe  
  33  3:02  Probe  
  35  3:10  Probe  
  35  3:12  Stalker  
  38  3:15  Probe  
  39  3:22  Probe  
  40  3:27  Probe  
  40  3:29  Pylon  
  40  3:31  Robotics Facility  
  41  3:34  Probe  
  41  3:39  Probe  
  43  3:47  Probe  
  44  3:54  Nexus, Stalker  
  46  3:56  Probe  
  46  4:00  Stalker  
  49  4:03  Probe  
  49  4:06  Pylon  
  50  4:10  Probe  
  50  4:15  Probe  
  52  4:19  Observer  
  52  4:22  Probe  
  52  4:23  Assimilator  
  54  4:26  Assimilator, Pylon  
  54  4:27  Stalker, Probe  
  57  4:31  Stalker  
  57  4:35  Probe  
  57  4:37  Pylon  
  60  4:39  Probe  
  60  4:42  Observer  
  60  4:47  Probe  
  60  4:51  Probe  
  62  4:53  Pylon  
  62  4:55  Gateway  
  62  4:59  Probe  
  63  5:01  Templar Archives  
  63  5:03  Probe  
  63  5:04  Gateway  
  64  5:10  Charge (Chrono Boost)  
  64  5:11  Probe  
  66  5:15  Gateway, Probe  
  66  5:18  Observer, Gateway  
  66  5:21  Probe  
  67  5:23  Psionic Storm, Probe  
  68  5:31  Stalker x2  
  68  5:32  Probe  
  68  5:33  Probe  
  68  5:35  Probe  
  75  5:36  Pylon  
  75  5:45  Probe  
  75  5:48  Warp Prism (Chrono Boost)  
  75  5:49  Probe  
  77  5:53  High Templar  
  77  5:54  Observer, Probe  
  82  5:57  Gateway  
  82  6:02  Gateway  
  82  6:03  Probe  
  83  6:05  High Templar  
  83  6:07  Probe  
  83  6:08  Shield Battery  
  83  6:09  Pylon  
  85  6:21  High Templar  
  85  6:22  Probe  
  85  6:23  Assimilator  
  85  6:24  Assimilator, Probe  
  89  6:28  Pylon  
  89  6:29  Zealot x4  
  95  6:33  Shield Battery  
  95  6:35  Shield Battery  
  95  6:38  Stalker  
  95  6:47  Probe  
  95  6:48  Probe x2  
  95  6:53  High Templar  
  95  6:54  Zealot x5  
  108  7:03  Zealot x2  
  108  7:05  Probe  
  89  7:17  Zealot x5  
  89  7:22  Archon  
  91  7:26  Zealot x3  
Show
View Real Time Build Order
Export as new Build Order

TIME Terran - Winner!

Build Orders: Reaper Expand 

Get SALT Encoding   

  12  0:00  SCV  
  13  0:12  SCV  
  14  0:17  Supply Depot  
  14  0:24  SCV  
  15  0:39  SCV  
  15  0:40  Barracks  
  16  0:43  Refinery  
  16  0:51  SCV  
  17  1:03  SCV  
  18  1:15  SCV  
  19  1:27  Reaper, Orbital Command  
  20  1:46  Command Center  
  20  1:53  SCV  
  20  1:54  Supply Depot  
  21  1:59  Marine  
  22  2:05  SCV  
  23  2:10  Factory  
  23  2:17  SCV  
  23  2:20  Bunker  
  23  2:21  Barracks Reactor  
  24  2:29  SCV  
  25  2:30  Refinery  
  25  2:42  SCV  
  26  2:54  Hellion  
  26  2:56  Starport  
  26  2:57  SCV  
  26  2:58  Orbital Command  
  29  3:01  Marine  
  29  3:04  Marine  
  31  3:09  SCV  
  32  3:15  Widow Mine  
  34  3:21  Marine, SCV  
  34  3:22  Marine  
  34  3:23  SCV  
  34  3:26  Supply Depot  
  38  3:33  Medivac  
  40  3:38  Marine  
  40  3:40  Marine  
  42  3:44  SCV  
  42  3:46  Widow Mine  
  42  3:47  SCV  
  46  3:50  Supply Depot  
  46  3:52  Barracks  
  46  3:56  SCV  
  46  3:59  SCV  
  48  4:03  Marine x2  
  48  4:05  Starport Tech Lab  
  48  4:07  Factory Tech Lab  
  48  4:08  SCV  
  51  4:11  SCV  
  52  4:21  SCV  
  52  4:22  Marine x2, Barracks  
  52  4:23  SCV  
  56  4:26  Siege Tank  
  56  4:30  Engineering Bay  
  59  4:32  Refinery  
  59  4:33  SCV  
  59  4:35  SCV  
  59  4:43  Supply Depot  
  59  4:45  SCV  
  59  4:48  SCV  
  59  4:49  Marine, Stimpack  
  62  4:55  Supply Depot  
  62  4:58  Terran Infantry Weapons Level 1  
  62  5:05  Marine x2, SCV x2, Siege Tank, Starport Reactor  
  69  5:10  Barracks Tech Lab  
  69  5:14  Refinery, Supply Depot, Marine  
  69  5:17  SCV  
  69  5:18  SCV  
  72  5:22  Marine x2  
  72  5:25  Supply Depot  
  74  5:29  SCV, Combat Shield  
  74  5:30  Marine, SCV  
  74  5:32  Marine  
  78  5:39  Siege Tank  
  78  5:40  Supply Depot  
  78  5:41  Marine x2  
  83  5:47  Supply Depot  
  83  5:50  Marauder  
  83  5:51  Marine  
  83  5:56  Medivac  
  88  5:58  Medivac  
  88  5:59  Marauder  
  88  6:02  Supply Depot  
  88  6:03  Marine  
  93  6:09  Supply Depot  
  93  6:12  Marauder  
  95  6:21  Marauder  
  97  6:28  Factory Reactor  
  97  6:31  Medivac x2  
  97  6:32  Command Center  
  100  6:35  SCV  
  100  6:36  Marine x2  
  100  6:37  Marauder  
  100  6:39  SCV  
  105  6:43  Supply Depot  
  105  6:53  Marine  
  105  6:54  Marine  
  106  6:58  SCV, Marauder  
  109  7:01  SCV  
  109  7:04  Marine, Barracks x2  
  108  7:12  Marauder  
  95  7:17  Marine  
  95  7:19  Widow Mine x2, Marauder  
  95  7:22  Marine  
  100  7:33  Marine  
  100  7:35  Marine  
  99  7:40  Marine  

Tags
 
Add a new tag
Caveats
  • Supply blocks, unpowered buildings, or Contaminate may cause inaccurate times.
  • Supply counts are checked every 10 seconds.